 Dungeon Crawl Stone Soup version 0.29-a0-270-g1586fc07ea (webtiles) character file.

Game seed: 1517293582755122175

221 croobank the Sneak (level 5, -6/31 HPs)
             Began as an Octopode Fire Elementalist on Mar 7, 2022.
             Mangled by Edmund
             ... wielding a +1 flail of protection
              (8 damage)
             ... on level 4 of the Dungeon.
             The game lasted 00:10:46 (4104 turns).

croobank the Sneak (Octopode Fire Elementalist)     Turns: 4104, Time: 00:10:47

Health: -6/31      AC:  2    Str:  8    XL:     5   Next: 98%
Magic:  0/9        EV: 13    Int: 19    God:
Gold:   222        SH:  0    Dex: 12    Spells: 3/10 levels left

rFire   . . .      SeeInvis .   e - +0 dagger (holy)
rCold   . . .      Faith    .   (no shield)
rNeg    . . .      Spirit   .   d - +1 hat
rPois   .          Reflect  .   (no amulet)
rElec   .          Harm     .   (no ring)
rCorr   .          Rampage  .   (no ring)
Will    .....                   (no ring)
Stlth   ++++......              (no ring)
HPRegen 0.10/turn               (no ring)
MPRegen 0.11/turn               (no ring)
                                (no ring)
                                (no ring)

@: no status effects
A: almost no armour, amphibious, 8 rings, camouflage 1, gelatinous body 1,
(nimble swimmer 1), tentacles
a: no special abilities


You were on level 4 of the Dungeon.
You visited 1 branch of the dungeon, and saw 4 of its levels.

You collected 222 gold pieces.

Inventory:

Hand Weapons
 e - a +0 dagger of holy wrath (weapon)
 g - a +0 war axe
 j - a +0 battleaxe
Missiles
 b - 115 stones
 c - 2 poisoned darts
Armour
 d - a +1 hat (worn)
Scrolls
 i - a scroll of blinking
Potions
 a - a potion of magic
 f - 3 potions of brilliance
 h - a potion of berserk rage {unknown}
 k - a potion of attraction {unknown}


   Skills:
 + Level 3.2 Dodging
 + Level 4.3 Stealth
 + Level 3.0 Spellcasting
 + Level 2.5 Conjurations
 + Level 3.9 Fire Magic


You had 3 spell levels left.
You knew the following spells:

 Your Spells              Type           Power      Damage    Failure   Level
a - Foxfire               Conj/Fire      60%        2x1d7     4%          1
b - Scorch                Fire           34%        2d7       4%          2
c - Flame Wave            Conj/Fire      15%        2d6       36%         4

Your spell library contained the following spells:

 Spells                   Type           Power      Damage    Failure   Level
 Conjure Flame            Conj/Fire      15%        6-21      12%         3
 Inner Flame              Hex/Fire       10%        N/A       21%         3
 Gell's Gravitas          Tloc           2%         N/A       41%         3
 Lesser Beckoning         Tloc           2%         N/A       41%         3
 Teleport Other           Tloc           2%         N/A       41%         3
 Freezing Cloud           Conj/Ice/Air   3%         6-21      96%         5
 Dispersal                Tloc           1%         N/A       100%        6
 Malign Gateway           Summ/Tloc      1%         N/A       100%        7
 Disjunction              Tloc           1%         N/A       100%        8
 Summon Horrible Things   Summ           1%         N/A       100%        8


Dungeon Overview and Level Annotations

Branches:
Dungeon (4/15)
 Temple: D:4-7

Altars:
Cheibriados

Shops:
D:1 =

Annotations:
D:4 Edmund


Innate Abilities, Weirdness & Mutations

You cannot wear most types of armour.
You are amphibious.
You can wear up to eight rings at the same time.
Your skin changes colour to match your surroundings (Stealth+).
Your rubbery body absorbs attacks. (AC +1, EV +1)
((You are camouflaged when in or above water. (Stealth+)))
You have tentacles for arms and can constrict up to eight enemies at once.


Message History

You closely miss Edmund. You grab Edmund.
Edmund is almost dead.
You constrict Edmund, but do no damage.
Edmund drinks a potion.
Edmund is healed!
You hit Edmund but do no damage.
You tentacle-slap Edmund, but do no damage.
Edmund is severely wounded.
You constrict Edmund, but do no damage. Edmund misses you.
Unknown command.
You hit Edmund but do no damage.
Edmund is severely wounded.
You constrict Edmund.
Edmund hits you with a +1 flail of protection!
You hit Edmund but do no damage.
Edmund is severely wounded.
You constrict Edmund, but do no damage. Edmund closely misses you.
You hit Edmund but do no damage.
Edmund is severely wounded.
You constrict Edmund. Edmund closely misses you.
You hit Edmund but do no damage. You squeeze Edmund, but do no damage.
Edmund is severely wounded.
You constrict Edmund, but do no damage.
Edmund hits you with a +1 flail of protection!
You hit Edmund.
Edmund is severely wounded.
You constrict Edmund, but do no damage.
Edmund hits you with a +1 flail of protection.
* * * LOW HITPOINT WARNING * * *
Casting: Scorch (safe; 4% risk of failure)
Confirm with . or Enter, or press ? or * to list all spells.
You don't know that spell.
Sorry, you're not good enough to have a special ability.
Casting: Scorch (safe; 4% risk of failure)
Confirm with . or Enter, or press ? or * to list all spells.
You conjure some foxfire!
You constrict Edmund.
Edmund hits you with a +1 flail of protection.
* * * LOW HITPOINT WARNING * * *
You release your grip on Edmund.
Edmund attacks as you move away!
Edmund hits you with a +1 flail of protection!
You die...

#.# # #.# #.# #...#.#. ## #.#
#....### ..# #.# #...# .###.#
#. # #.# #...# ...#.# #.###
#.##### #...# ##.#.###....
#.....##.###...####...........
#####.##.....@.........######.
#.# #.@####............ #.#
#vv................ #.#
##.#####.#......... #.# #.#
#........... ########.# #.#
###.##.##### #........# #.#
#)##.# #.######## #.. ..##..
#.####### ### ######+#
........#


You could see Edmund (combustible, ally target).

Vanquished Creatures
  A black bear (D:3)
  3 adders
  An ufetubus (D:3)
  2 worms
  A dart slug (D:4)
  5 orcs (D:3)
  10 ball pythons
  6 bats
  7 endoplasms
  3 giant cockroaches
  7 goblins
  13 hobgoblins
  2 jackals (D:3)
  4 quokkas
  5 frilled lizards
  3 kobolds
  3 rats
76 creatures vanquished.

Vanquished Creatures (others)
  106 foxfires
  5 plants (D:3)
111 creatures vanquished.

Grand Total: 187 creatures vanquished

Notes
Turn   | Place    | Note
-------+----------+-------------------------------------------
     0 | D:1      | croobank the Octopode Fire Elementalist began the quest for
                  | the Orb.
     0 | D:1      | Reached XP level 1. HP: 11/11 MP: 3/3
   188 | D:1      | Reached XP level 2. HP: 13/17 MP: 1/5
   191 | D:1      | Learned a level 2 spell: Scorch
   303 | D:1      | Reached skill level 3 in Stealth
   582 | D:1      | Found Puci's One-of-a-Kind Rings.
   967 | D:1      | Reached XP level 3. HP: 21/21 MP: 3/6
  1991 | D:2      | Found a faded altar of an unknown god.
  2058 | D:2      | Reached XP level 4. HP: 27/27 MP: 5/7
  2074 | D:2      | Learned a level 4 spell: Flame Wave
  2610 | D:3      | Got Qeustau's Grimoire of Companions and Snow
  2854 | D:3      | Noticed a black bear
  2859 | D:3      | Killed a black bear
  2860 | D:3      | Reached skill level 4 in Stealth
  2860 | D:3      | Reached XP level 5. HP: 31/31 MP: 0/9
  3576 | D:3      | Found a snail-covered altar of Cheibriados.
  3660 | D:4      | Noticed Edmund
  4104 | D:4      | Mangled by Edmund

Illustrated notes

Levels and vault maps discovered:
D:1:      dpeg_arrival_morbid_curiosity, layout_basic,
          nicolae_shop_unique_rings, dreamdust_wishing_well
D:2:      layout_loops_ring, dreamdust_ecumenical_altar_statues
D:3:      layout_loops_cross, cheibriados_altar_1, minmay_shallow_snake_nest
D:4:      layout_loops_ring, corexii_checkpoint_a, uniq_edmund

Skill      XL: |  1  2  3  4  5 |
---------------+----------------+-----
Stealth        | 3 4 |  4.3
Conjurations   | 2 |  2.5
Dodging        | 3 |  3.2
Spellcasting   | 3 |  3.0
Fire Magic     | |  3.9

Action                   |  1- 3 |  4- 6 || total
-------------------------+-------+-------++-------
Melee: Unarmed           |    23 |       ||    23
       Constrict         |     7 |     7 ||    14
       Tentacles         |     7 |     7 ||    14
       Dagger            |     2 |    29 ||    31
       Punch             |       |     1 ||     1
 Cast: Foxfire           |    35 |    28 ||    63
       Scorch            |    10 |    20 ||    30
  Use: Scroll            |       |     2 ||     2
 Stab: Sleeping          |       |     1 ||     1
Armor: Skin              |       |     4 ||     4
Dodge: Dodged            |    24 |    11 ||    35

Table legend: (Time is in decaauts)
 A = Elapsed time spent in this place.
 B = Non-inter-level travel time spent in this place.
 C = Inter-level travel time spent in this place.
 D = Time resting spent in this place.
 E = Time spent auto-exploring this place.
 F = Levels seen in this place.
 G = Mean time per level.
                   A        B        C        D        E       F      G
               +--------+--------+--------+--------+--------+-----+--------+
         Total |   4104 |   3825 |    279 |    224 |   2848 |   4 | 1026.0 |
       Dungeon |   4104 |   3825 |    279 |    224 |   2848 |   4 | 1026.0 |
               +--------+--------+--------+--------+--------+-----+--------+

Top non-repeatable levels by time:
     D:1: 1729 daAuts
     D:3: 1113 daAuts
     D:2: 868 daAuts
     D:4: 393 daAuts
